TOP OF THE 1ST |
Asheville Highlanders batting - Pitching for Westwood Sixshooters : RHP Alberto Gonzáles
|
Pitching: RHP Alberto Gonzáles
|
|
Batting: LHB Govaart Pleijt
|
0-0: Ball 1-0: Ground out 4-3 (Groundball, 4D)
|
Batting: LHB Edgar Castaneda
|
0-0: Ball 1-0: Swinging Strike 1-1: Swinging Strike 1-2: Ball 2-2: Ball 3-2: Strikes out swinging
|
Batting: RHB Yoshihiro Iwasaki
|
0-0: Called Strike 0-1: Foul Ball, location: 2F 0-2: Ball 1-2: Hit by Pitch
|
Batting: LHB DeMarvion Overshown
|
0-0: Ball 1-0: Ball 2-0: Ball 3-0: Base on Balls Yoshihiro Iwasaki to second
|
Batting: RHB Tae-gyoon Ch'oe
|
0-0: Called Strike 0-1: Ball 1-1: Ball 2-1: Fly out, F8 (Flyball, 8LM)
|
Top of the 1st over - 0 runs, 0 hits, 0 errors, 2 left on base; Asheville 0 - Westwood 0 |
BOTTOM OF THE 1ST |
Westwood Sixshooters batting - Pitching for Asheville Highlanders : RHP Harry Stuterberg
|
Pitching: RHP Harry Stuterberg
|
|
Batting: RHB Wallace Bane
|
0-0: Foul Ball, location: 2F 0-1: Ball 1-1: Foul Ball, location: 2F 1-2: Strikes out swinging, 2-3 out at first.
|
Batting: RHB Shirai Yoshida
|
0-0: Ground out 4-3 (Groundball, 4)
|
Batting: RHB Simone Catalani
|
0-0: Swinging Strike 0-1: Called Strike 0-2: Foul Ball, location: 2F 0-2: Foul Ball, location: 2F 0-2: Strikes out swinging
|
Bottom of the 1st over - 0 runs, 0 hits, 0 errors, 0 left on base; Asheville 0 - Westwood 0 |
TOP OF THE 2ND |
Asheville Highlanders batting - Pitching for Westwood Sixshooters : RHP Alberto Gonzáles
|
Batting: RHB Arnie Taylor
|
0-0: Called Strike 0-1: Ball 1-1: Fly out, F8 (Flyball, 8RS)
|
Batting: LHB Luis Serrano
|
0-0: Foul Ball, location: 2F 0-1: Ball 1-1: Swinging Strike 1-2: Ball 2-2: Foul Ball, location: 2F 2-2: Ground out U3 (Groundball, 34)
|
Batting: RHB Roberto Flores
|
0-0: Ball 1-0: Swinging Strike 1-1: Foul Ball, location: 2F 1-2: Fly out, F6 (Popup, P)
|
Top of the 2nd over - 0 runs, 0 hits, 0 errors, 0 left on base; Asheville 0 - Westwood 0 |
BOTTOM OF THE 2ND |
Westwood Sixshooters batting - Pitching for Asheville Highlanders : RHP Harry Stuterberg
|
Batting: RHB Oki Hai
|
0-0: Foul Ball, location: 2F 0-1: Ball 1-1: Called Strike 1-2: Foul Ball, location: 2F 1-2: Foul Ball, location: 2F 1-2: Strikes out swinging
|
Batting: SHB Jin-yong Ch'oe
|
0-0: Called Strike 0-1: Swinging Strike 0-2: Fly out, F9 (Flyball, 9LDF)
|
Batting: RHB Cody Riddle
|
0-0: Foul Ball, location: 2F 0-1: Ball 1-1: Ground out 4-3 (Groundball, 4)
|
Bottom of the 2nd over - 0 runs, 0 hits, 0 errors, 0 left on base; Asheville 0 - Westwood 0 |
TOP OF THE 3RD |
Asheville Highlanders batting - Pitching for Westwood Sixshooters : RHP Alberto Gonzáles
|
Batting: RHB José Lorenzo
|
0-0: Ball 1-0: Swinging Strike 1-1: Fly out, F4 (Line Drive, 4)
|
Batting: LHB Govaart Pleijt
|
0-0: Fly out, F8 (Flyball, 8LS)
|
Batting: LHB Edgar Castaneda
|
0-0: Ball 1-0: Ball 2-0: Called Strike 2-1: Ground out U3 (Groundball, 3)
|
Top of the 3rd over - 0 runs, 0 hits, 0 errors, 0 left on base; Asheville 0 - Westwood 0 |
BOTTOM OF THE 3RD |
Westwood Sixshooters batting - Pitching for Asheville Highlanders : RHP Harry Stuterberg
|
Batting: SHB José Tirado
|
0-0: Ball 1-0: Ball 2-0: Ball 3-0: Base on Balls
|
Batting: RHB Jesús González
|
0-0: Ball 1-0: Fly out, F4 (Flyball, 34D)
|
Batting: RHB Mark Merry
|
0-0: Called Strike 0-1: Ball 1-1: Swinging Strike 1-2: Strikes out swinging
|
Batting: RHB Wallace Bane
|
0-0: Swinging Strike 0-1: Ball 1-1: Called Strike 1-2: Strikes out swinging
|
Bottom of the 3rd over - 0 runs, 0 hits, 0 errors, 1 left on base; Asheville 0 - Westwood 0 |
TOP OF THE 4TH |
Asheville Highlanders batting - Pitching for Westwood Sixshooters : RHP Alberto Gonzáles
|
Batting: RHB Yoshihiro Iwasaki
|
0-0: Fly out, F6 (Line Drive, 6)
|
Batting: LHB DeMarvion Overshown
|
0-0: Foul Ball, location: 2F 0-1: Ball 1-1: Ground out U3 (Groundball, 34)
|
Batting: RHB Tae-gyoon Ch'oe
|
0-0: Called Strike 0-1: Swinging Strike 0-2: Ball 1-2: Strikes out swinging
|
Top of the 4th over - 0 runs, 0 hits, 0 errors, 0 left on base; Asheville 0 - Westwood 0 |
BOTTOM OF THE 4TH |
Westwood Sixshooters batting - Pitching for Asheville Highlanders : RHP Harry Stuterberg
|
Batting: RHB Shirai Yoshida
|
0-0: Foul Ball, location: 2F 0-1: Swinging Strike 0-2: Ball 1-2: Foul Ball, location: 2F 1-2: Ball 2-2: Ground out 6-3 (Groundball, 6S)
|
Batting: RHB Simone Catalani
|
0-0: Ball 1-0: Ball 2-0: Swinging Strike 2-1: Foul Ball, location: 2F 2-2: Fly out, F8 (Flyball, 8RD)
|
Batting: RHB Oki Hai
|
0-0: Called Strike 0-1: Ball 1-1: Called Strike 1-2: Ball 2-2: Fly out, F3 (Popup, 3SF)
|
Bottom of the 4th over - 0 runs, 0 hits, 0 errors, 0 left on base; Asheville 0 - Westwood 0 |
TOP OF THE 5TH |
Asheville Highlanders batting - Pitching for Westwood Sixshooters : RHP Alberto Gonzáles
|
Batting: RHB Arnie Taylor
|
0-0: Ball 1-0: Called Strike 1-1: Ground out 4-3 (Groundball, 4)
|
Batting: LHB Luis Serrano
|
0-0: Ball 1-0: Ball 2-0: Ball 3-0: Called Strike 3-1: Foul Ball, location: 2F 3-2: Base on Balls
|
Batting: RHB Roberto Flores
|
0-0: Foul Ball, location: 2F 0-1: Foul Ball, location: 2F 0-2: Strikes out swinging
|
Batting: RHB José Lorenzo
|
0-0: Called Strike 0-1: Ball 1-1: Fly out, F7 (Flyball, 78S)
|
Top of the 5th over - 0 runs, 0 hits, 0 errors, 1 left on base; Asheville 0 - Westwood 0 |
BOTTOM OF THE 5TH |
Westwood Sixshooters batting - Pitching for Asheville Highlanders : RHP Harry Stuterberg
|
Batting: SHB Jin-yong Ch'oe
|
0-0: SOLO HOME RUN (Flyball, 9LD), Distance : 345 ft
|
Batting: RHB Cody Riddle
|
0-0: Ball 1-0: Ball 2-0: Called Strike 2-1: Swinging Strike 2-2: Foul Ball, location: 2F 2-2: Ball 3-2: SINGLE (Groundball, 56D)
|
Batting: SHB José Tirado
|
0-0: Fly out, F8 (Flyball, 78M)
|
Batting: RHB Jesús González
|
0-0: Fly out, F6 (Popup, 6D)
|
Batting: RHB Mark Merry
|
0-0: Ball 1-0: Foul Ball, location: 2F 1-1: Fly out, F7 (Flyball, 7LMF)
|
Bottom of the 5th over - 1 run, 2 hits, 0 errors, 1 left on base; Asheville 0 - Westwood 1 |
TOP OF THE 6TH |
Asheville Highlanders batting - Pitching for Westwood Sixshooters : RHP Alberto Gonzáles
|
Batting: LHB Govaart Pleijt
|
0-0: Ball 1-0: Ball 2-0: Swinging Strike 2-1: Called Strike 2-2: Foul Ball, location: 2F 2-2: Strikes out looking
|
Batting: LHB Edgar Castaneda
|
0-0: SINGLE (Line Drive, 89S)
|
Batting: RHB Yoshihiro Iwasaki
|
0-0: Swinging Strike 0-1: Foul Ball, location: 2F 0-2: Ball 1-2: Fly out, F9 (Flyball, 9S)
|
Batting: LHB DeMarvion Overshown
|
0-0: Swinging Strike 0-1: Ball 1-1: Ball 2-1: Foul Ball, location: 2F 2-2: Ball 3-2: Fly out, F8 (Flyball, 8RD)
|
Top of the 6th over - 0 runs, 1 hit, 0 errors, 1 left on base; Asheville 0 - Westwood 1 |
BOTTOM OF THE 6TH |
Westwood Sixshooters batting - Pitching for Asheville Highlanders : RHP Harry Stuterberg
|
Batting: RHB Wallace Bane
|
0-0: Ball 1-0: Ground out 5-3 (Groundball, 56S)
|
Batting: RHB Shirai Yoshida
|
0-0: Foul Ball, location: 2F 0-1: Ball 1-1: Ball 2-1: Swinging Strike 2-2: Strikes out swinging
|
Batting: RHB Simone Catalani
|
0-0: Foul Ball, location: 2F 0-1: Foul Ball, location: 2F 0-2: SINGLE (Groundball, 6D)
|
Batting: RHB Oki Hai
|
0-0: Ball 1-0: Foul Ball, location: 2F 1-1: Ball 2-1: Swinging Strike 2-2: Ball Simone Catalani steals 2nd base 3-2: SINGLE (Groundball, 3D) Simone Catalani to third Simone Catalani scores
|
Batting: SHB Jin-yong Ch'oe
|
0-0: Ball 1-0: Foul Ball, location: 2F 1-1: Ball Oki Hai steals 2nd base 2-1: Foul Ball, location: 2F 2-2: Ground out U3 (Groundball, 23)
|
Bottom of the 6th over - 1 run, 2 hits, 0 errors, 1 left on base; Asheville 0 - Westwood 2 |
TOP OF THE 7TH |
Asheville Highlanders batting - Pitching for Westwood Sixshooters : RHP Alberto Gonzáles
|
Batting: RHB Tae-gyoon Ch'oe
|
0-0: Ball 1-0: Fly out, F2 (Popup, 2LF)
|
Batting: RHB Arnie Taylor
|
0-0: Foul Ball, location: 2F 0-1: Foul Ball, location: 2F 0-2: Ball 1-2: Ball 2-2: Ball 3-2: Strikes out looking
|
Batting: LHB Luis Serrano
|
0-0: Ball 1-0: Foul Ball, location: 2F 1-1: Fly out, F5 (Popup, 25F)
|
Top of the 7th over - 0 runs, 0 hits, 0 errors, 0 left on base; Asheville 0 - Westwood 2 |
BOTTOM OF THE 7TH |
Westwood Sixshooters batting - Pitching for Asheville Highlanders : RHP Harry Stuterberg
|
Batting: RHB Cody Riddle
|
0-0: Fly out, F8 (Flyball, 78M)
|
Batting: SHB José Tirado
|
0-0: Called Strike 0-1: Swinging Strike 0-2: Ball 1-2: Foul Ball, location: 2F 1-2: Ball 2-2: Foul Ball, location: 2F 2-2: Ground out 6-3 (Groundball, 6)
|
Batting: RHB Jesús González
|
0-0: Ball 1-0: SINGLE (Flyball, 89S)
|
Pitching: RHP Eric Foster
|
|
Batting: RHB Mark Merry
|
0-0: Ball 1-0: Ball 2-0: Called Strike 2-1: Foul Ball, location: 2F 2-2: Ball 3-2: Strikes out swinging
|
Bottom of the 7th over - 0 runs, 1 hit, 0 errors, 1 left on base; Asheville 0 - Westwood 2 |
TOP OF THE 8TH |
Asheville Highlanders batting - Pitching for Westwood Sixshooters : RHP Alberto Gonzáles
|
Batting: RHB Roberto Flores
|
0-0: Ball 1-0: Foul Ball, location: 2F 1-1: Foul Ball, location: 2F 1-2: Foul Ball, location: 2F 1-2: Fly out, F8 (Flyball, 8LM)
|
Pitching: LHP Kade Kinnamon
|
|
Batting: RHB José Lorenzo
|
0-0: Called Strike 0-1: Ball 1-1: Ball 2-1: Ball 3-1: Called Strike 3-2: Fly out, F8 (Flyball, 8RD)
|
Batting: LHB Govaart Pleijt
|
0-0: Fly out, F8 (Line Drive, 8RD)
|
Top of the 8th over - 0 runs, 0 hits, 0 errors, 0 left on base; Asheville 0 - Westwood 2 |
BOTTOM OF THE 8TH |
Westwood Sixshooters batting - Pitching for Asheville Highlanders : RHP Eric Foster
|
Batting: RHB Wallace Bane
|
0-0: Ground out 5-3 (Groundball, 25)
|
Batting: RHB Shirai Yoshida
|
0-0: Swinging Strike 0-1: Ball 1-1: Ball 2-1: Swinging Strike 2-2: Foul Ball, location: 2F 2-2: Fly out, F3 (Line Drive, 3S)
|
Batting: RHB Simone Catalani
|
0-0: Called Strike 0-1: Ball 1-1: Ball 2-1: Called Strike 2-2: Foul Ball, location: 2F 2-2: Ball 3-2: Base on Balls
|
Batting: RHB Oki Hai
|
0-0: Called Strike 0-1: Foul Ball, location: 2F 0-2: Foul Ball, location: 2F 0-2: Ball 1-2: Ball 2-2: Strikes out swinging
|
Bottom of the 8th over - 0 runs, 0 hits, 0 errors, 1 left on base; Asheville 0 - Westwood 2 |
TOP OF THE 9TH |
Asheville Highlanders batting - Pitching for Westwood Sixshooters : LHP Kade Kinnamon
|
Pitching: LHP Christian Clayton
|
|
Batting: LHB Edgar Castaneda
|
0-0: Called Strike 0-1: Ball 1-1: Ball 2-1: Ball 3-1: Fly out, F6 (Popup, 56)
|
Batting: RHB Yoshihiro Iwasaki
|
0-0: Called Strike 0-1: Ground out 5-3 (Groundball, 56)
|
Batting: LHB DeMarvion Overshown
|
0-0: SINGLE (Groundball, 4MD)
|
Batting: RHB Tae-gyoon Ch'oe
|
0-0: Ball 1-0: Ball 2-0: Ball 3-0: Called Strike 3-1: Base on Balls DeMarvion Overshown to second
|
Batting: RHB Arnie Taylor
|
0-0: Ball 1-0: Swinging Strike 1-1: Ball 2-1: SINGLE (Line Drive, 78M) DeMarvion Overshown to third Tae-gyoon Ch'oe to second
|
Pinch Hitting: RHB Harley Whitfield
|
0-0: Foul Ball, location: 2F 0-1: Fielders Choice at 2nd, 6-4 (Groundball, 6)
|
Top of the 9th over - 0 runs, 2 hits, 0 errors, 3 left on base; Asheville 0 - Westwood 2 |
|